 Dungeon Crawl Stone Soup version 0.27-a0-463-gec7707c53d (webtiles) character file.

Game seed: 10949615961476617726

7 jasper the Sneak (level 1, -1/9 HPs)
             Began as a Spriggan Enchanter on Feb 28, 2021.
             Slain by a kobold
             ... wielding a +0 flail
              (9 damage)
             ... on level 2 of the Dungeon.
             The game lasted 00:01:27 (652 turns).

jasper the Sneak (Spriggan Enchanter)                Turns: 652, Time: 00:01:28

Health: -1/9       AC:  2    Str:  4    XL:     1   Next: 83%
Magic:  3/5        EV: 17    Int: 16    God:
Gold:   24         SH:  0    Dex: 15    Spells: 4/5 levels left

rFire    . . .     SeeInvis +   a - +1 dagger
rCold    . . .     Faith    .   (shield restricted)
rNeg     . . .     Spirit   .   b - +0 robe
rPois    .         Reflect  .   (helmet restricted)
rElec    .         Harm     .   (no cloak)
rCorr    .         Rampage  .   (gloves unavailable)
Will     .....                  (boots unavailable)
Stlth    +++.......             (no amulet)
HPRegen  0.03/turn              (no ring)
MPRegen  0.09/turn              (no ring)

@: very quick
A: very small, unfitting armour, see invisible, speed 3
a: no special abilities


You were on level 2 of the Dungeon.
You visited 1 branch of the dungeon, and saw 3 of its levels.

You collected 24 gold pieces.

Inventory:

Hand Weapons
 a - a +1 dagger (weapon)
Armour
 b - a +0 robe (worn)
Scrolls
 d - a scroll of identify {unknown}
Potions
 c - a potion of invisibility {unknown}
 e - 2 potions of mutation {unknown}
 f - 2 potions of brilliance {unknown}


   Skills:
 + Level 1.3 Short Blades
 - Level 2.6 Dodging
 + Level 4.6 Stealth
 + Level 2.9 Spellcasting
 + Level 3.8 Hexes


You had 4 spell levels left.
You knew the following spells:

 Your Spells              Type           Power        Failure   Level
a - Corona                Hex            15%          4%          1

Your spell library contained the following spells:

 Spells                   Type           Power        Failure   Level
 Confusing Touch          Hex            14%          12%         3
 Tukima's Dance           Hex            14%          12%         3
 Ensorcelled Hibernation  Hex/Ice        16%          13%         2
 Dazzling Flash           Conj/Hex       16%          26%         3


Dungeon Overview and Level Annotations

Branches:
Dungeon (3/15)

Altars:


Innate Abilities, Weirdness & Mutations

You are very small and have problems with some larger weapons.
You are too small for most types of armour.
You have supernaturally acute eyesight. (SInv)
You cover ground extremely quickly.


Message History

Press: ? - help, Q - select action Shift-Dir - straight line, f - kobold
Aim: a kobold, wielding a +0 flail and wearing a +0 leather armour (chance to affect: 68%)
The kobold is outlined in light.
You now have 2/5 mp.
Things that are here:
a +0 club; 21 stones; a goblin corpse You hit the kobold but do no damage.
The kobold completely misses you.
You hit the kobold but do no damage. You hit the kobold but do no damage.
The kobold closely misses you.
You barely miss the kobold. The kobold closely misses you.
You barely miss the kobold.
The kobold stops glowing.
The kobold closely misses you.
You hit the kobold but do no damage. The kobold closely misses you.
You closely miss the kobold. You hit the kobold.
The kobold is severely wounded.
The kobold closely misses you.
You hit the kobold but do no damage.
The kobold is severely wounded.
The kobold hits you with a +0 flail.
You take 1 damage, and have 8/9 hp.
You closely miss the kobold.
The kobold is severely wounded.
The kobold closely misses you.
You hit the kobold but do no damage.
The kobold is severely wounded.
You barely miss the kobold.
The kobold is severely wounded.
The kobold barely misses you.
You hit the kobold but do no damage.
The kobold is severely wounded.
The kobold barely misses you.
You barely miss the kobold.
The kobold is severely wounded.
The kobold barely misses you.
You hit the kobold but do no damage.
The kobold is severely wounded.
The kobold hits you with a +0 flail!
Ouch! That really hurt!
You die...

......####.......#####
......+.<............#
......##.#..#......#.#
.....###.#.........#.###.
####.###.#..#...........
'...............!......
###..###.............#
.....####........##'#####..
.♣♣.....#....###@.........
♣.♣♣....+....+..K.....##
♣♣♣♣....#†...###.#....#
♣.♣...#....# #.#....####.#?...#
♣♣♣...#....# #.#.........##...#
♣♣...#....# #.#.....###.##...# .
♣....#....# #.#..............#
♣..♣♣..#....# #.K.........##...#
♣......########.#K....###.##....


You could see 2 kobolds.

Vanquished Creatures
  A leopard gecko (D:3)
  A goblin (D:2)
  2 jackals (D:1)
  A frilled lizard (D:2)
5 creatures vanquished.

Notes
Turn   | Place    | Note
-------+----------+-------------------------------------------
     0 | D:1      | jasper the Spriggan Enchanter began the quest for the Orb.
     0 | D:1      | Reached XP level 1. HP: 9/9 MP: 5/5
   652 | D:2      | Slain by a kobold

Illustrated notes

Levels and vault maps discovered:
D:1:      roderic_crossed_star, layout_basic, minmay_misc_feat_rows,
          serial_bayou_crossing
D:2:      layout_basic, chequers_ecumenical_altar_grove
D:3:      minmay_recursive_quarters, layout_basic, yredelemnul_altar_generic,
          grunt_decor_resistance, okawaru_ov_weapons_minmay,
          uniq_crazy_yiuf_cottage, uniq_jessica

Action                   || total
-------------------------++-------
Melee: Dagger            ||    38
 Cast: Corona            ||     7
 Stab: Sleeping          ||     2
Armor: Robe              ||     2
Dodge: Dodged            ||    30

Table legend: (Time is in decaauts)
 A = Elapsed time spent in this place.
 B = Non-inter-level travel time spent in this place.
 C = Inter-level travel time spent in this place.
 D = Time resting spent in this place.
 E = Time spent auto-exploring this place.
 F = Levels seen in this place.
 G = Mean time per level.
                   A        B        C        D        E       F      G
               +--------+--------+--------+--------+--------+-----+--------+
         Total |    549 |    549 |      0 |    242 |    174 |   3 |  183.0 |
       Dungeon |    549 |    549 |      0 |    242 |    174 |   3 |  183.0 |
               +--------+--------+--------+--------+--------+-----+--------+

Top non-repeatable levels by time:
     D:3: 248 daAuts
     D:2: 199 daAuts
     D:1: 101 daAuts
